 Dungeon Sprint DCSS version 0.20-a0-1101-g1de9d76 (webtiles) character file.

2545 Mesmaeker13 the Warrior (level 9, -13/115 HPs)
             Began as an Ogre Hunter on May 4, 2017.
             Was a Follower of Trog.
             Mangled by Sonja
             ... wielding a +1 dagger of distortion
              (18 damage)
             ... in the Dungeon (Sprint I: "Red Sonja").
             The game lasted 00:03:39 (1180 turns).

Mesmaeker13 the Warrior (Ogre Hunter)               Turns: 1180, Time: 00:03:40

Health: -13/115    AC:  3    Str: 21    XL:     9   Next: 55%
Magic:  9/9        EV: 14    Int: 12    God:    Trog [*.....]
Gold:   363        SH:  0    Dex:  9    Spells: 8/8 levels left

rFire    . . .     SeeInvis .   m - +0 giant club
rCold    . . .     Gourm    .   (shield currently unavailable)
rNeg     . . .     Faith    .   b - +0 robe
rPois    .         Spirit   .   (helmet restricted)
rElec    .         Reflect  .   (no cloak)
rCorr    .         Harm     .   (gloves unavailable)
MR       .....     NoTele   +   (boots unavailable)
Stlth    +.........             (no amulet)
Regen    0.3/turn               (no ring)
MPRegen  0.2/turn               (no ring)

@: slowed, very slow
A: unfitting armour, tough skin 1
a: Berserk, Burn Spellbooks, Renounce Religion


You were in the Dungeon.
You worshipped Trog.
Trog was aware of your devotion.
You were hungry.

You visited 1 branch You collected 405 gold pieces.
You spent 42 gold pieces at shops.

Inventory:

Hand Weapons
 m - a +0 giant club (weapon)
Missiles
 c - 4 large rocks (quivered)
 d - a throwing net
Armour
 b - a +0 robe (worn)
Scrolls
 a - a scroll of acquirement {unknown}
 k - a scroll of blinking
 l - a scroll of enchant weapon {unknown}
Potions
 h - a potion of haste
 i - 2 potions of magic
 n - a potion of lignification
Comestibles
 f - a bread ration


   Skills:
 + Level 15.2 Fighting
 + Level 10.1 Maces & Flails
 - Level 8.0 Throwing
 + Level 11.2 Dodging
 - Level 0.6 Stealth


You had 8 spell levels left.
You didn't know any spells.

Dungeon Overview and Level Annotations

Branches:
Dungeon (1/1)

Altars:
Cheibriados
Dithmenos
Elyvilon
Fedhas
Gozag
Hepliaklqana
Kikubaaqudgha
Makhleb
Nemelex Xobeh
Okawaru
Qazlal
Ru
Sif Muna
Trog
Uskayaw
Vehumet
Wu Jian
Xom
Yredelemnul
Zin
The Shining One
Jiyva
Lugonu

Shops:
D !

Annotations:
D Sonja


Innate Abilities, Weirdness & Mutations

You are too large for most types of armour.
You have tough skin. (AC +1)


Message History

You feel much better. The centaur warrior hits you!
* * * LOW HITPOINT WARNING * * *
The centaur warrior barely misses you.
You bludgeon the centaur warrior!!
You kill the centaur warrior!
Trog accepts your kill.
Your Fighting skill increases to level 15!
Your Maces & Flails skill increases to level 10!
Your Dodging skill increases to level 11!
Sonja hits you but does no damage. Space bends around you.
* * * LOW HITPOINT WARNING * * *
Sonja hits you but does no damage.
Sonja hits you with an uncursed dagger of distortion.
* * * LOW HITPOINT WARNING * * *
Space bends around you.
* * * LOW HITPOINT WARNING * * *
Sonja hits you with an uncursed dagger of distortion!
* * * LOW HITPOINT WARNING * * *
Space warps horribly around you!
You die...

######################
#<.#..'..#..'..#__#..+
#..[..#).').#).'..'..#
#..#####'#####'#__####
#..####..#...#@####$§#
#..#__####..##K#≈§≈§§#
#..#_____##'#§(§§§§§
#⌠⌠#_.∩...'..§_#§§§.c#
####_..__##_.#§##'####
#_____###'#.# [)
####### #.### ## $


You could see Sonja.

Vanquished Creatures
  2 centaur warriors (D)
  A deep troll (D)
  A hornet (D)
  A slime creature (D)
  Sigmund (D)
  A yak (D)
  An ogre (D)
  A jelly (D)
  Ijyb (D)
10 creatures vanquished.

Vanquished Creatures (others)
  A gargoyle (D)
  5 ballistomycetes (D)
  2 ballistomycete spores (D)
8 creatures vanquished.

Grand Total: 18 creatures vanquished

Notes
Turn   | Place    | Note
-------+----------+-------------------------------------------
     0 | D        | Mesmaeker13 the Ogre Hunter began the quest for the Orb.
     0 | D        | Reached XP level 1. HP: 22/22 MP: 1/1
     1 | D        | Noticed Ijyb
     8 | D        | Killed Ijyb
     8 | D        | Reached skill level 5 in Fighting
     8 | D        | Reached skill level 5 in Throwing
     8 | D        | Reached XP level 2. HP: 33/35 MP: 2/2
     8 | D        | Reached XP level 3. HP: 39/42 MP: 3/3
    26 | D        | Noticed an ogre
    30 | D        | Killed an ogre
    30 | D        | Reached skill level 7 in Fighting
    30 | D        | Reached skill level 5 in Dodging
    30 | D        | Reached XP level 4. HP: 30/55 MP: 4/4
    89 | D        | Killed a gargoyle
   174 | D        | Noticed Sigmund
   193 | D        | Killed Sigmund
   193 | D        | Reached skill level 9 in Fighting
   193 | D        | Reached XP level 5. HP: 13/67 MP: 5/5
   193 | D        | Reached XP level 6. HP: 15/75 MP: 6/6
   465 | D        | Found an ornate altar of the Wu Jian Council.
   465 | D        | Found a deep blue altar of Sif Muna.
   467 | D        | Found a radiant altar of Vehumet.
   523 | D        | Found Withrata's Distillery.
   523 | D        | Found an ancient bone altar of Kikubaaqudgha.
   523 | D        | Found a hazy altar of Hepliaklqana.
   523 | D        | Found a stormy altar of Qazlal.
   523 | D        | Found a hide-covered altar of Uskayaw.
   523 | D        | Found a blossoming altar of Fedhas.
   523 | D        | Found a bloodstained altar of Trog.
   523 | D        | Found an iron altar of Okawaru.
   523 | D        | Found a basalt altar of Yredelemnul.
   523 | D        | Found a glowing golden altar of the Shining One.
   523 | D        | Found a snail-covered altar of Cheibriados.
   523 | D        | Found a sacrificial altar of Ru.
   523 | D        | Found a glowing silver altar of Zin.
   523 | D        | Found a shadowy altar of Dithmenos.
   523 | D        | Found a white marble altar of Elyvilon.
   523 | D        | Noticed a yak
   524 | D        | Found an opulent altar of Gozag.
   529 | D        | Killed a yak
   529 | D        | Reached skill level 10 in Fighting
   529 | D        | Reached skill level 5 in Maces & Flails
   530 | D        | Found a sparkling altar of Nemelex Xobeh.
   539 | D        | Became a worshipper of Trog the Wrathful
   541 | D        | Bought a potion of lignification for 42 gold pieces
   564 | D        | Found a burning altar of Makhleb.
   564 | D        | Found a viscous altar of Jiyva.
   564 | D        | Found a shimmering altar of Xom.
   564 | D        | Found a corrupted altar of Lugonu.
   564 | D        | Noticed a slime creature
   569 | D        | Killed a slime creature
   569 | D        | Reached skill level 11 in Fighting
   569 | D        | Reached XP level 7. HP: 59/88 MP: 7/7
   864 | D        | Noticed a centaur warrior
   865 | D        | Noticed a centaur warrior
   889 | D        | Killed a centaur warrior
   889 | D        | Reached skill level 13 in Fighting
   889 | D        | Reached XP level 8. HP: 50/102 MP: 8/8
  1139 | D        | Noticed Sonja
  1160 | D        | Noticed a hornet
  1161 | D        | Noticed a deep troll
  1165 | D        | Killed a hornet
  1165 | D        | Reached * piety under Trog
  1171 | D        | Killed a deep troll
  1171 | D        | Reached skill level 14 in Fighting
  1171 | D        | Reached skill level 10 in Dodging
  1171 | D        | Reached XP level 9. HP: 114/114 MP: 9/9
  1180 | D        | Killed a centaur warrior
  1180 | D        | Reached skill level 15 in Fighting
  1180 | D        | Reached skill level 10 in Maces & Flails
  1180 | D        | HP: 5/115 [Sonja/uncursed dagger of distortion (8)]
  1180 | D        | Mangled by Sonja

Vault maps used:
D:        dungeon_sprint_1

Skill      XL: |  1  2  3  4  5  6  7  8  9 |
---------------+----------------------------+-----
Fighting       | 5 7 9 11 13 14 15 | 15.2
Throwing       | 5 6 7 8 |  8.0
Dodging        | 3 5 6 8 9 10 11 | 11.2
Maces & Flails | 3 6 8 9 10 | 10.1
Stealth        | |  0.6

Action                   |  1- 3 |  4- 6 |  7- 9 || total
-------------------------+-------+-------+-------++-------
Melee: Short sword       |     1 |       |       ||     1
       Giant club        |       |    23 |    18 ||    41
Throw: Large rock        |     9 |     4 |       ||    13
       Throwing net      |     1 |     1 |       ||     2
  Use: Potion            |       |       |     4 ||     4
Armor: Robe              |       |     1 |     2 ||     3
Dodge: Dodged            |     8 |    17 |    18 ||    43
